 Dungeon Crawl Stone Soup version 0.25-a0-447-gff83419037 (webtiles) character file.

Game seed: 10745919973349969464, levelgen mode: deterministic

47 Alfie the Skirmisher (level 3, 0/33 HPs)
             Began as a Hill Orc Fighter on Jan 31, 2020.
             Slain by a gnoll
             ... wielding a +0 club
              (4 damage)
             ... on level 2 of the Dungeon.
             The game lasted 00:03:05 (576 turns).

Alfie the Skirmisher (Hill Orc Fighter)              Turns: 576, Time: 00:03:05

Health: 0/33       AC:  7    Str: 19    XL:     3   Next: 70%
Magic:  3/3        EV:  7    Int:  8    God:
Gold:   77         SH:  9    Dex: 10    Spells: 2/2 levels left

rFire    . . .     SeeInvis .   a - +0 rapier
rCold    . . .     Gourm    .   c - +0 shield
rNeg     . . .     Faith    .   b - +0 scale mail
rPois    .         Spirit   .   (no helmet)
rElec    .         Reflect  .   (no cloak)
rCorr    .         Harm     .   (no gloves)
MR       .....                  (no boots)
Stlth    ..........             (no amulet)
HPRegen  0.11/turn              (no ring)
MPRegen  0.08/turn              (no ring)

@: no status effects
A: no striking features
a: no special abilities


You were on level 2 of the Dungeon.
You were not hungry.

You visited 1 branch of the dungeon, and saw 2 of its levels.

You collected 77 gold pieces.

Inventory:

Hand Weapons
 a - a +0 rapier (weapon)
Missiles
 m - 12 poisoned darts (quivered)
Armour
 b - a +0 scale mail (worn)
 c - a +0 shield (worn)
Jewellery
 j - an uncursed amulet of harm {unknown}
 n - a +1 ring of evasion {unknown}
Scrolls
 e - 6 scrolls of identify {unknown}
 g - a scroll of magic mapping {unknown}
 i - a scroll of enchant weapon {unknown}
 k - a scroll of random uselessness {unknown}
Potions
 d - a potion of might
 h - a potion of curing
 l - 2 potions of degeneration {unknown}
Comestibles
 f - 4 rations


   Skills:
 + Level 4.3 Fighting
 + Level 2.3 Short Blades
 + Level 0.1 Throwing
 + Level 4.1 Armour
 + Level 3.4 Shields


You had 2 spell levels left.
You didn't know any spells.
Your spell library was empty.

Dungeon Overview and Level Annotations

Branches:
Dungeon (2/15)

Altars:


Message History

Aim: a gnoll, wielding a +0 club You throw a poisoned dart.
The poisoned dart hits the gnoll.
The gnoll looks even sicker.
The gnoll is heavily wounded.
A gnoll comes into view. It is wielding a +0 spear.
The gnoll hits you.
* * * LOW HITPOINT WARNING * * *
Throwing (i - inventory)
m - 13 poisoned darts (quivered)
Press: ? - help, Shift-Dir - straight line, f/p - gnoll
Aim: a gnoll, wielding a +0 club You throw a poisoned dart.
The poisoned dart hits the gnoll.
The gnoll is severely wounded.
The gnoll shouts!
The gnoll drinks a potion.
The gnoll suddenly seems more resistant.
You block the gnoll's attack.
You hit the gnoll.
You kill the gnoll!
The gnoll hits you with a +0 club.
You die...

...### ..
##...............#
..## .
#....g..........#
#.
##?...(.......<##
#.####.....#.....##
#.?.###./.########
#...g.### #....##
#..g(# #...@#
#....# #....#
#....# #....#
#....# ######


You could see 3 gnolls.

Vanquished Creatures
  2 adders (D:2)
  A gnoll (D:2)
  A worm (D:2)
  6 bats
  A giant cockroach (D:1)
  A goblin (D:2)
  A hobgoblin (D:2)
  A frilled lizard (D:1)
  4 kobolds (D:2)
  A rat (D:2)
19 creatures vanquished.

Notes
Turn   | Place    | Note
-------+----------+-------------------------------------------
     0 | D:1      | Alfie the Hill Orc Fighter began the quest for the Orb.
     0 | D:1      | Reached XP level 1. HP: 19/19 MP: 1/1
   419 | D:2      | Reached XP level 2. HP: 27/27 MP: 2/2
   476 | D:2      | Reached XP level 3. HP: 11/33 MP: 3/3
   576 | D:2      | Slain by a gnoll

Levels and vault maps discovered:
D:1:      dpeg_arrival_court, layout_basic
D:2:      layout_rooms, nicolae_overflow_hidden_temple, first_ration,
          uniq_terence

Skill      XL: |  1  2  3 |
---------------+----------+-----
Fighting       | 4 |  4.3
Armour         | 4 |  4.1
Short Blades   | |  2.3
Throwing       | |  0.1
Shields        | |  3.4

Action                   || total
-------------------------++-------
Melee: Rapier            ||    50
Throw: Dart              ||    13
  Use: Potion            ||     1
Armor: Scale mail        ||    19
Dodge: Dodged            ||    11
Block: Shield            ||    20

Table legend:
 A = Non-vault XP
 B = Vault XP
 C = Vault XP percentage of total XP
 D = Non-vault monster count
 E = Vault monster count
 F = Vault count percentage of total count
                 A         B        C        D         E       F
            +---------+---------+-------+---------+---------+-------
      Total |      68 |       0 |   0.0 |      19 |       0 |   0.0
            +---------+---------+-------+---------+---------+-------
        D:1 |       9 |       0 |   0.0 |       6 |       0 |   0.0
        D:2 |      59 |       0 |   0.0 |      13 |       0 |   0.0
            +---------+---------+-------+---------+---------+-------
